 Dungeon Crawl Stone Soup version 0.30-a0-218-gedb9141078 (webtiles) character file.

Game seed: 7611391434733348743

8474 billz999 the Zephyrmancer (level 11, -13/105 HPs)
             Began as an Ogre Air Elementalist on Oct 5, 2022.
             Was a Priest of Vehumet.
             Mangled by a komodo dragon (23 damage)
             ... on level 1 of the Lair of Beasts.
             The game lasted 00:42:17 (14431 turns).

billz999 the Zephyrmancer (Ogre Air Elementalist)  Turns: 14431, Time: 00:42:18

Health: -13/105    AC: 13    Str: 10    XL:     11   Next: 31%
Magic:  24/24      EV: 10    Int: 30    God:    Vehumet [***...]
Gold:   218        SH:  4    Dex: 12    Spells: 11/29 levels left

rFire   . . .      SeeInvis .    Q - +7 falchion of Myakhlat {protect, rElec Will++}
rCold   . . .      Faith    .    (no shield)
rNeg    . . .      Spirit   .    a - +0 robe
rPois   .          Reflect  .    (helmet restricted)
rElec   +          Harm     .    r - +2 cloak
rCorr   .          Rampage  .    (gloves unavailable)
Will    +++..      Clarity  +    (boots unavailable)
Stlth   ++........               (no amulet)
HPRegen 0.37/turn                H - ring of the Camelopard {Str-3 Int+6 Dex+6}
MPRegen 0.19/turn                (no ring)

@: mighty, sluggish, about to teleport, under a protective aura, very slow
A: large, unfitting armour, tough skin 1, large bone plates 1, clarity, clever
1, clumsy 1
a: Renounce Religion


You were on level 1 of the Lair of Beasts.
You worshipped Vehumet.
Vehumet was most pleased with you.
You visited 2 branches of the dungeon, and saw 11 of its levels.
You also visited: Sewer.

You collected 650 gold pieces.
You spent 432 gold pieces at shops.

Inventory:

Hand Weapons
 d - a +0 trident
 q - a +4 quarterstaff of chaos
 D - the +8 long sword "Kyge" {speed, Dex+3}
   (You took it off an orc on level 5 of the Dungeon)

   Attacks with this weapon are significantly faster.
   Dex:       It affects your dexterity (+3).
 N - the +3 rapier of Ravage {flame, Will+ Str+4 Int-5}
   (You bought it in a shop on level 8 of the Dungeon)

   It burns those it strikes, dealing additional fire damage.
   Str:       It affects your strength (+4).
   Int:       It affects your intelligence (-5).
   Will:      It increases your willpower.
 Q - the +7 falchion of Myakhlat (weapon) {protect, rElec Will++}
   (You found it on level 9 of the Dungeon)

   It grants its wielder temporary protection when it strikes (+7 to AC).
   rElec:     It insulates you from electricity.
   Will:      It greatly increases your willpower.
Armour
 a - a +0 robe (worn)
 r - a +2 cloak (worn)
Jewellery
 g - a ring of fire
 x - a ring of fire
 H - the ring of the Camelopard (left hand) {Str-3 Int+6 Dex+6}
   (You took it off a gnoll bouda on level 6 of the Dungeon)

   [ring of dexterity]

   Str:       It affects your strength (-3).
   Int:       It affects your intelligence (+6).
   Dex:       It affects your dexterity (+6).
Wands
 c - a wand of mindburst (13)
 v - a wand of quicksilver (2)
 C - a wand of flame (21)
 I - a wand of digging (7)
 L - a wand of polymorph (4)
 P - a wand of charming (9)
Scrolls
 e - a scroll of enchant armour {unknown}
 i - 2 scrolls of fear {unknown}
 k - 2 scrolls of brand weapon {unknown}
 m - 2 scrolls of noise {unknown}
 n - 3 scrolls of magic mapping
 o - 7 scrolls of teleportation
 s - a scroll of summoning {unknown}
 u - a scroll of enchant weapon
 F - a scroll of vulnerability {unknown}
 G - a scroll of immolation {unknown}
 J - a scroll of poison {unknown}
 M - 2 scrolls of identify
Potions
 b - 2 potions of magic
 f - 4 potions of haste
 h - 2 potions of mutation
 j - a potion of might
 l - 5 potions of brilliance
 t - 3 potions of attraction {unknown}
 w - 2 potions of heal wounds {unknown}
 z - 2 potions of resistance
 A - 3 potions of degeneration {unknown}
 B - 2 potions of ambrosia
 E - a potion of lignification {unknown}
 K - 2 potions of flight {unknown}
 O - a potion of cancellation {unknown}


   Skills:
 - Level 6.1 Fighting
 + Level 7.7 Long Blades
 - Level 1.7 Dodging
 - Level 1.4 Stealth
 + Level 9.9 Spellcasting
 - Level 3.3 Conjurations
 + Level 10.2 Air Magic


You had 11 spell levels left.
You knew the following spells:

 Your Spells              Type           Power      Damage    Failure   Level
a - Shock                 Conj/Air       100%       1d9       1%          1
b - Static Discharge      Conj/Air       100%       2-7/arc   1%          2
c - Swiftness             Air            66%        N/A       1%          3
d - Airstrike             Air            33%        2d(5-21)  1%          4
e - Ignition              Fire           7%         3d4       100%        8

Your spell library contained the following spells:

 Spells                   Type           Power      Damage    Failure   Level
 Inner Flame              Hex/Fire       14%        N/A       3%          3
 Magic Dart               Conj           100%       1d8       1%          1
 Sandblast                Erth           28%        2d8       1%          1
 Mephitic Cloud           Conj/Pois/Air  42%        N/A       1%          3
 Stone Arrow              Conj/Erth      48%        3d10      1%          3
 Ignite Poison            Fire/Tmut/Pois 14%        N/A       3%          3
 Call Imp                 Summ           14%        N/A       5%          2
 Passwall                 Tmut/Erth      11%        N/A       5%          2
 Sticky Flame             Conj/Fire      24%        2d5       5%          4
 Call Canine Familiar     Summ           14%        N/A       11%         3
 Portal Projectile        Hex/Tloc       28%        N/A       11%         3
 Leda's Liquefaction      Hex/Erth       7%         N/A       34%         4


Dungeon Overview and Level Annotations

Branches:
Dungeon (10/15)            Temple (0/1) D:7            Lair (1/5) D:10
  Sewer (visited)
    Orc: D:9-12

Altars:
Ashenzari
Dithmenos
Elyvilon
Fedhas
Gozag
Nemelex Xobeh
Qazlal
Trog
Uskayaw
Vehumet
Wu Jian
Xom
Zin
The Shining One

Shops:
D:8 ([   D:10 *


Innate Abilities, Weirdness & Mutations

You are too large for most types of armour.
You have tough skin. (AC +1)
You are partially covered in large bone plates. (SH +4)
You possess an exceptional clarity of mind.
Your mind is acute. (Int +4, Str/Dex -1)
You are clumsy. (Dex -2)


Message History

Prince Ribbit lets out a mournful croak.
Prince Ribbit hits you but does no damage.
The blink frog blinks!
The komodo dragon completely misses you.
Prince Ribbit hits you but does no damage.
You bump into the rock wall.
Prince Ribbit hits you but does no damage.
The komodo dragon completely misses you.
You slash Prince Ribbit!
You kill Prince Ribbit!
Vehumet accepts your kill.
Prince Ribbit returns to his original shape as he dies.
You feel sluggish. The komodo dragon bites you.
You bump into the rock wall.
The blink frog blinks!
The blink frog hits you but does no damage.
The komodo dragon bites you.
The blink frog hits you but does no damage.
The blink frog blinks!
You hit the komodo dragon but do no damage.
You feel less invigorated.
You feel less confused. The blink frog closely misses you.
The komodo dragon bites you!
As you read the scroll of teleportation, it crumbles to dust.
You feel strangely unstable. The blink frog misses you.
The komodo dragon bites you.
It was a potion of might.
You feel very mighty all of a sudden.
The blink frog blinks! x2
The blink frog hits you but does no damage.
The komodo dragon bites you!!
* * * LOW HITPOINT WARNING * * *
Okay, then.
Aiming: Charm
Press: ? - help, Shift-Dir - straight line, f - komodo dragon
Aim: a komodo dragon (chance to affect: 31%)
The komodo dragon easily resists.
The blink frog hits you!
* * * LOW HITPOINT WARNING * * *
The blink frog blinks!
The komodo dragon bites you!!
You die...

..... # #.....
.....#.#.......
......#).......
..........$...F
F..†...........
Y......§.......
........F......#
.......F.....##l##
........##...# #@#
......§.# #####F##
.......Y## ##Y#
.....YF..# ##Y#
.........###F##
.....YF..##F##
........##§##
......F..§##
....$...§.#


You could see a komodo dragon, 2 yaks and 3 blink frogs.

Vanquished Creatures
  2 two-headed ogres (D:10)
  A cane toad (Lair:1)
  Prince Ribbit (Lair:1)
  3 blink frogs (D:10)
  A shadow (D:10)
  A wraith (D:10)
  5 yaks
  2 vampires (D:9)
  2 wyverns (D:9)
  Eustachio (D:5)
  4 vampire mosquitoes
  A steam dragon (D:8)
  2 water moccasins
  A sky beast (D:6)
  An ice beast (D:7)
  2 orc warriors
  An ogre (D:7)
  A centaur (D:7)
  A phantom (D:6)
  3 kobold brigands
  A gnoll sergeant (D:10)
  7 bullfrogs
  3 necrophages
  4 wights (D:6)
  11 killer bees (D:10)
  3 howler monkeys
  2 hounds (D:5)
  6 orc priests
  5 gnoll boudas
  Crazy Yiuf (D:2)
  3 iguanas
  12 orc wizards
  25 gnolls
  15 adders
  A shadow imp (D:6)
  2 worms
  3 dart slugs
  30 orcs
  15 ball pythons
  11 bats
  11 endoplasms
  4 giant cockroaches
  4 goblins
  3 hobgoblins (D:1)
  12 jackals
  10 quokkas
  11 frilled lizards
  23 kobolds
  6 rats
280 creatures vanquished.

Vanquished Creatures (others)
  10 fungi (D:7)
10 creatures vanquished.

Grand Total: 290 creatures vanquished

Notes
Turn   | Place    | Note
-------+----------+-------------------------------------------
     0 | D:1      | billz999 the Ogre Air Elementalist began the quest for the
                  | Orb.
     0 | D:1      | Reached XP level 1. HP: 16/16 MP: 3/3
   257 | D:1      | Reached XP level 2. HP: 24/24 MP: 5/5
   260 | D:1      | Reached skill level 1 in Conjurations
   317 | D:1      | Found a faded altar of an unknown god.
   331 | D:1      | Reached skill level 3 in Air Magic
   542 | D:1      | Reached XP level 3. HP: 31/31 MP: 4/7
  1609 | D:2      | Reached XP level 4. HP: 11/39 MP: 0/9
  1748 | D:2      | Learned a level 2 spell: Static Discharge
  1752 | D:2      | Learned a level 3 spell: Swiftness
  1757 | D:2      | Learned a level 4 spell: Airstrike
  2064 | D:2      | Found an ornate altar of the Wu Jian Council.
  2738 | D:2      | Found a runed translucent door.
  2739 | D:2      | Noticed Crazy Yiuf
  2890 | D:2      | Killed Crazy Yiuf
  2891 | D:2      | Reached XP level 5. HP: 39/45 MP: 0/11
  3476 | D:3      | Found a stormy altar of Qazlal.
  3617 | D:3      | Reached skill level 4 in Air Magic
  3617 | D:3      | Reached XP level 6. HP: 30/53 MP: 4/12
  4547 | D:4      | Found a glowing drain.
  4551 | Sewer    | Entered a sewer
  5298 | Sewer    | Reached skill level 5 in Air Magic
  5298 | Sewer    | Reached XP level 7. HP: 55/59 MP: 5/14
  6176 | D:5      | Entered Level 5 of the Dungeon
  6318 | D:5      | Identified the +8 long sword "Kyge" {speed, Dex+3}
  6346 | D:5      | Reached skill level 6 in Air Magic
  6478 | D:5      | Noticed Eustachio
  6487 | D:5      | Killed Eustachio
  6488 | D:5      | Reached skill level 1 in Fighting
  6488 | D:5      | Reached skill level 1 in Long Blades
  6488 | D:5      | Reached XP level 8. HP: 66/72 MP: 7/15
  6822 | D:5      | Found a bloodstained altar of Trog.
  6870 | D:5      | Found a shimmering altar of Xom.
  6871 | D:5      | Found a radiant altar of Vehumet.
  6877 | D:5      | Became a worshipper of Vehumet
  6940 | D:5      | Identified the +1 ring mail "Eciyre" {Dex+8}
  7464 | D:6      | Reached skill level 7 in Air Magic
  8034 | D:6      | Reached skill level 5 in Spellcasting
  8207 | D:6      | Reached skill level 5 in Fighting
  8207 | D:6      | Reached XP level 9. HP: 88/88 MP: 0/17
  8708 | D:6      | Found a shadowy altar of Dithmenos.
  8964 | D:6      | Identified the ring of the Camelopard {Str-3 Int+6 Dex+6}
  8979 | D:6      | Reached * piety under Vehumet
  8979 | D:6      | Offered knowledge of Kiss of Death by Vehumet.
  9238 | D:7      | Found a glowing golden altar of the Shining One.
  9238 | D:7      | Found a glowing silver altar of Zin.
  9250 | D:7      | Found a white marble altar of Elyvilon.
 10264 | D:7      | Found a staircase to the Ecumenical Temple.
 10416 | D:8      | Reached skill level 8 in Air Magic
 10550 | D:8      | Reached ** piety under Vehumet
 10847 | D:8      | Offered knowledge of Magic Dart by Vehumet.
 10861 | D:8      | Reached skill level 5 in Long Blades
 10868 | D:8      | Reached XP level 10. HP: 35/98 MP: 3/21
 11236 | D:8      | Found Makhlac's Antique Armour Boutique.
 11362 | D:8      | Found Myxom's Antique Weapon Boutique.
 11367 | D:8      | Bought a brightly glowing rapier for 288 gold pieces
 11367 | D:8      | Identified the +3 rapier of Ravage {flame, Will+ Str+4
                  | Int-5} (You bought it in a shop on level 8 of the Dungeon)
 11986 | D:9      | Found a broken altar of Ashenzari.
 11986 | D:9      | Found a hide-covered altar of Uskayaw.
 11993 | D:9      | Found an opulent altar of Gozag.
 11995 | D:9      | Found a sparkling altar of Nemelex Xobeh.
 11995 | D:9      | Found a blossoming altar of Fedhas.
 12673 | D:9      | Identified the +7 falchion of Myakhlat {protect, rElec
                  | Will++}
 12748 | D:9      | Reached skill level 9 in Air Magic
 12910 | D:10     | Entered Level 10 of the Dungeon
 12918 | D:10     | Found a staircase to the Lair.
 13048 | D:10     | Offered knowledge of Inner Flame by Vehumet.
 13321 | D:10     | Found Uwkeipn's General Store.
 13345 | D:10     | Noticed a two-headed ogre
 13396 | D:9      | Learned a level 8 spell: Ignition
 13511 | D:10     | Reached *** piety under Vehumet
 13537 | D:10     | Killed a two-headed ogre
 13736 | D:10     | Bought a potion of brilliance for 60 gold pieces
 13736 | D:10     | Bought a wand of mindburst (4) for 84 gold pieces
 13838 | D:10     | Noticed a two-headed ogre
 13845 | D:10     | Killed a two-headed ogre
 13846 | D:10     | Reached XP level 11. HP: 105/105 MP: 5/24
 14036 | D:10     | Reached skill level 10 in Air Magic
 14254 | Lair:1   | Entered Level 1 of the Lair of Beasts
 14256 | Lair:1   | Noticed Prince Ribbit
 14395 | Lair:1   | Gained mutation: You are partially covered in large bone
                  | plates. (SH +4) [potion of mutation]
 14395 | Lair:1   | Gained mutation: Your mind is acute. (Int +4, Str/Dex -1)
                  | [potion of mutation]
 14395 | Lair:1   | Gained mutation: You are clumsy. (Dex -2) [potion of
                  | mutation]
 14395 | Lair:1   | Gained mutation: You possess an exceptional clarity of
                  | mind. [potion of mutation]
 14412 | Lair:1   | HP: 5/105 [poisoned by a cane toad]
 14426 | Lair:1   | Killed Prince Ribbit
 14431 | Lair:1   | Mangled by a komodo dragon

Illustrated notes

Levels and vault maps discovered:
D:1:      dpeg_arrival_radiant, layout_basic, hellmonk_ecumenical_altar_run_dry,
          minmay_tetromino_i4
D:2:      layout_basic, basic_altar, chequers_serial_rivers_small_b,
          uniq_crazy_yiuf_cottage
D:3:      layout_rooms, old_standard_altar, serial_park_tiny_2
D:4:      layout_loops_corners, gup_sewer_entry_bowl, minivault_26
D:5:      layout_loops_ring, overflow_temple_1_default,
          chequers_temple_overflow_statue_of_worship, uniq_eustachio
D:6:      layout_loops_ring, mainiacjoe_overflow_tiny_flanked
D:7:      layout_basic, good_gods_mini_temple, temple_fountains,
          minmay_misc_feat_pillars, minmay_strange_pillars,
          dreamdust_mushroom_princess
D:8:      layout_basic, serial_glass, glass_columns_a, glass_columns_a,
          serial_shops, nicolae_shop_hallway_plus, nicolae_shop_hallway_plus,
          chequers_serial_rivers_micro_a
D:9:      layout_roguey, grunt_temple_overflow_open, chequers_decorated_corner,
          chequers_serial_rivers_micro_c
D:10:     layout_rooms, lair_entry_dummy, serial_shops, shop, grunt_decor_cap
Lair:1:   layout_hall_layers, serial_bayou_shore_b, uniq_prince_ribbit2

Skill      XL: |  1  2  3  4  5  6  7  8  9 10 11 |
---------------+----------------------------------+-----
Conjurations   | 1 2 3 |  3.3
Air Magic      | 3 4 5 6 7 8 9 10 | 10.2
Spellcasting   | 3 4 5 7 9 |  9.9
Fighting       | 1 5 6 |  6.1
Long Blades    | 1 3 5 7 |  7.7
Dodging        | |  1.7
Stealth        | |  1.4

Action                   |  1- 3 |  4- 6 |  7- 9 | 10-12 || total
-------------------------+-------+-------+-------+-------++-------
Melee: Unarmed           |     5 |       |       |       ||     5
       Trident           |    42 |    37 |       |       ||    79
       Quarterstaff      |       |     5 |     3 |       ||     8
       Long sword        |       |       |    34 |    33 ||    67
       Punch             |       |       |       |     1 ||     1
       Falchion          |       |       |       |    14 ||    14
 Cast: Shock             |    84 |   144 |   117 |    32 ||   377
       Static Discharge  |       |    19 |    27 |    23 ||    69
       Swiftness         |       |     4 |     1 |     1 ||     6
       Airstrike         |       |       |    55 |    57 ||   112
Evoke: Wand              |       |       |     5 |     9 ||    14
  Use: Potion            |     3 |       |     1 |     7 ||    11
       Scroll            |       |       |     6 |     4 ||    10
 Stab: Sleeping          |       |     1 |       |     1 ||     2
Armor: Robe              |    33 |    33 |    18 |    30 ||   114
Dodge: Dodged            |    52 |    33 |    42 |    52 ||   179

Table legend: (Time is in decaauts)
 A = Elapsed time spent in this place.
 B = Non-inter-level travel time spent in this place.
 C = Inter-level travel time spent in this place.
 D = Time resting spent in this place.
 E = Time spent auto-exploring this place.
 F = Levels seen in this place.
 G = Mean time per level.
                   A        B        C        D        E       F      G
               +--------+--------+--------+--------+--------+-----+--------+
         Total |  14532 |  13782 |    750 |   3453 |   8849 |  12 | 1211.0 |
       Dungeon |  13286 |  12536 |    750 |   3127 |   8140 |  10 | 1328.6 |
          Lair |     46 |     46 |      0 |      0 |      0 |   1 |   46.0 |
         Sewer |   1199 |   1199 |      0 |    326 |    709 |   1 | 1199.0 |
               +--------+--------+--------+--------+--------+-----+--------+

Top non-repeatable levels by time:
     D:6: 1692 daAuts
     D:2: 1644 daAuts
     D:1: 1496 daAuts
     D:7: 1464 daAuts
    D:10: 1353 daAuts
     D:4: 1345 daAuts
     D:5: 1269 daAuts
   Sewer: 1199 daAuts
     D:9: 1062 daAuts
     D:8: 1052 daAuts
     D:3: 905 daAuts
  Lair:1: 46 daAuts
